 Dungeon Crawl Stone Soup version 0.20-a0-893-g832831a (webtiles) character file.

79 GreetingsTrabeler the Slasher (level 4, 33/33 HPs)
             Began as a Mummy Gladiator on Mar 10, 2017.
             Quit the game on level 2 of the Dungeon on Mar 17, 2017.
             The game lasted 00:05:05 (8104 turns).

GreetingsTrabeler the Slasher (Mummy Gladiator)     Turns: 8104, Time: 00:05:06

Health: 33/33      AC:  4    Str: 17    XL:     4   Next: 17%
Magic:  4/4        EV: 13    Int:  7    God:
Gold:   0          SH:  0    Dex: 14    Spells: 3/3 levels left

rFire    x . .     SeeInvis .   a - +0 long sword
rCold    + . .     Gourm    .   b - +0 leather armour
rNeg     + + +     Faith    .   (no shield)
rPois    ∞         Spirit   .   c - +0 helmet
rElec    .         Reflect  .   (no cloak)
rCorr    .         Harm     .   (no gloves)
MR       .....                  (no boots)
Stlth    +.........             (no amulet)
Regen    0.2/turn               (no ring)
MPRegen  0.1/turn               (no ring)

@: no status effects
A: no food or potions, fire vulnerability, cold resistance 1, negative energy
resistance 3, torment resistance, unbreathing
a: no special abilities


You were on level 2 of the Dungeon.
You were not hungry.

You visited 1 branch of the dungeon, and saw 2 of its levels.

Inventory:

Hand Weapons
 a - a +0 long sword (weapon)
Missiles
 d - 3 throwing nets (quivered)
Armour
 b - a +0 leather armour (worn)
 c - a +0 helmet (worn)
Scrolls
 e - a scroll of fog {unknown}
 f - a scroll of noise {unknown}


   Skills:
 + Level 2.1 Fighting
 + Level 3.0 Long Blades
 + Level 1.6 Throwing
 + Level 1.6 Armour
 + Level 2.8 Dodging
 + Level 0.8 Stealth


You had 3 spell levels left.
You didn't know any spells.

Dungeon Overview and Level Annotations

Branches:
Dungeon (2/15)

Altars:


Innate Abilities, Weirdness & Mutations

You do not eat or drink.
Your flesh is vulnerable to fire.
You are immune to poison.
Your flesh is cold resistant. (rC+)
You are immune to negative energy. (rN+++)
You are immune to unholy pain and torment.
You can survive without breathing.


Message History

A frilled lizard is nearby!
A frilled lizard is nearby!
A frilled lizard is nearby!
A frilled lizard is nearby!
A frilled lizard is nearby!
A frilled lizard is nearby!
A frilled lizard is nearby!
A frilled lizard is nearby!
A frilled lizard is nearby!
A frilled lizard is nearby!
A frilled lizard is nearby!
A frilled lizard is nearby!
A frilled lizard is nearby!
A frilled lizard is nearby!
A frilled lizard is nearby!
A frilled lizard is nearby!
A frilled lizard is nearby!
Quiver which item? (- for none, * to show all) (? for menu, Esc to quit)
Okay, then.
Are you sure you want to abandon this character and quit the game? (Confirm with "yes".)

#.....###
#.......
#.l....#
......# .
......#.#
###.###.......#
...............
###@...#
#.<....#
##.#.### ..#...
########


You could see a frilled lizard (wandering).

Vanquished Creatures
  An adder (D:1)
  A shadow imp (D:1)
  3 oozes (D:1)
  3 dart slugs (D:1)
  A leopard gecko (D:1)
  4 giant cockroaches (D:1)
  9 goblins (D:1)
  3 hobgoblins (D:1)
  2 jackals (D:1)
  3 bats (D:1)
  2 frilled lizards
  7 kobolds (D:1)
  3 rats (D:1)
42 creatures vanquished.

Notes
Turn   | Place    | Note
-------+----------+-------------------------------------------
     0 | D:1      | GreetingsTrabeler the Mummy Gladiator began the quest for the Orb.
     0 | D:1      | Reached XP level 1. HP: 16/16 MP: 1/1
  4453 | D:1      | Reached XP level 2. HP: 14/22 MP: 2/2
  4463 | D:1      | Reached skill level 1 in Armour
  4960 | D:1      | Reached XP level 3. HP: 27/27 MP: 3/3
  6986 | D:1      | Upgraded the game from 0.20-a0-850-ge5a7832 to 0.20-a0-893-g832831a
  7029 | D:1      | Reached skill level 3 in Long Blades
  7120 | D:1      | Reached XP level 4. HP: 11/33 MP: 4/4
  7365 | D:1      | Noticed a black bear
  8104 | D:2      | Quit the game

Vault maps used:
D:1:      lightli_arrival_windingriver
D:2:      first_bread, bloody_makhleb

Skill      XL: |  1  2  3 |
---------------+----------+-----
Armour         | 1 |  1.6
Long Blades    | 3 |  3.0
Fighting       | |  2.1
Throwing       | |  1.6
Dodging        | |  2.8
Stealth        | |  0.8

Action                   |  1- 3 |  4- 6 || total
-------------------------+-------+-------++-------
Melee: Long sword        |    82 |    27 ||   109
 Stab: Distracted        |       |     1 ||     1
Armor: Leather armour    |    21 |    12 ||    33
Dodge: Dodged            |    80 |    29 ||   109
       Rpst.: Long sword |    22 |     7 ||    29
